 Dungeon Crawl Stone Soup version 0.29-a0-477-g62b78b4225 (webtiles) character file.

Game seed: 14190440236444139915

25 Infinimo the Caller (level 2, 0/15 HPs)
             Began as a Deep Elf Summoner on May 25, 2022.
             Slain by a quokka (3 damage)
             ... on level 2 of the Dungeon.
             The game lasted 00:02:09 (1705 turns).

Infinimo the Caller (Deep Elf Summoner)             Turns: 1705, Time: 00:02:09

Health: 0/15       AC:  2    Str:  5    XL:     2   Next: 86%
Magic:  6/8        EV: 13    Int: 19    God:
Gold:   129        SH:  0    Dex: 15    Spells: 7/8 levels left

rFire   . . .      SeeInvis .   (no weapon)
rCold   . . .      Faith    .   (no shield)
rNeg    . . .      Spirit   .   a - +0 robe
rPois   .          Reflect  .   (no helmet)
rElec   .          Harm     .   (no cloak)
rCorr   .          Rampage  .   (no gloves)
Will    .....                   (no boots)
Stlth   ++........              (no amulet)
HPRegen 0.05/turn               (no ring)
MPRegen 0.11/turn               (no ring)

@: no status effects
A: no striking features
a: no special abilities


You were on level 2 of the Dungeon.
You visited 1 branch of the dungeon, and saw 2 of its levels.

You collected 129 gold pieces.

Inventory:

Armour
 a - a +0 robe (worn)
Scrolls
 e - 2 scrolls of identify {unknown}
 f - a scroll of fear {unknown}
 h - 2 scrolls of teleportation {unknown}
 k - a scroll of acquirement {unknown}
Potions
 b - a potion of magic
 c - 2 potions of invisibility {unknown}
 d - 2 potions of curing {unknown}
 g - 2 potions of resistance {unknown}
 i - a potion of might {unknown}
 j - a potion of heal wounds {unknown}


   Skills:
 - Level 2.8 Dodging
 - Level 3.0 Stealth
 + Level 3.5 Spellcasting
 * Level 4.7 Summonings


You had 7 spell levels left.
You knew the following spells:

 Your Spells              Type           Power      Damage    Failure   Level
a - Summon Small Mammal   Summ           84%        N/A       1%          1

Your spell library contained the following spells:

 Spells                   Type           Power      Damage    Failure   Level
 Call Imp                 Summ           21%        N/A       3%          2
 Call Canine Familiar     Summ           21%        N/A       6%          3
 Summon Guardian Golem    Hex/Summ       12%        N/A       16%         3
 Sublimation of Blood     Necr           3%         N/A       22%         2
 Summon Lightning Spire   Summ/Air       12%        N/A       47%         4
 Petrify                  Tmut/Erth      3%         N/A       82%         4
 Irradiate                Conj/Tmut      1%         3d13      99%         5


Dungeon Overview and Level Annotations

Branches:
Dungeon (2/15)

Altars:


Message History

Casting: Summon Small Mammal (safe; 1% risk of failure)
Confirm with . or Enter, or press ? or * to list all spells.
Casting: Summon Small Mammal (safe; 1% risk of failure)
Confirm with . or Enter, or press ? or * to list all spells.
Your quokka disappears in a puff of smoke!
Your rat bites the quokka.
The quokka bites your rat.
Your rat dies!
Your rat's corpse disappears in a puff of smoke!
Casting: Summon Small Mammal (safe; 1% risk of failure)
Confirm with . or Enter, or press ? or * to list all spells.
Casting: Summon Small Mammal (safe; 1% risk of failure)
Confirm with . or Enter, or press ? or * to list all spells.
Your quokka disappears in a puff of smoke!
The quokka bites you. The quokka bites you.
The quokka attacks as you move away!
Your quokka bites the quokka but does no damage. x2
You see here a purple potion.
The quokka attacks as you move away! The quokka bites you.
* * * LOW HITPOINT WARNING * * *
Your quokka bites the quokka.
Your quokka bites the quokka.
The quokka dies!
Your quokka disappears in a puff of smoke!
Your quokka disappears in a puff of smoke!
Key pressed, stopping explore.
A quokka comes into view.
A quokka is nearby!
Casting: Summon Small Mammal (safe; 1% risk of failure)
Confirm with . or Enter, or press ? or * to list all spells.
Casting: Summon Small Mammal (safe; 1% risk of failure)
Confirm with . or Enter, or press ? or * to list all spells.
The quokka bites you. The quokka attacks as you move away!
The quokka bites you.
Your quokka bites the quokka.
The quokka bites you.
* * * LOW HITPOINT WARNING * * *
There is a stone staircase leading up here.
The quokka attacks as you move away! The quokka bites you.
You die...

####### .. #.....# .# # .
... #...รท.# ####.#.#.. ....
#.....####.........
.....#####........#.....#
.........#..............###
............................
..................!.....####
......##########@.......#
#####.........rr...........
#.#######.r.......##.#. #
.................P.
...###........#.... ...
....###..+.P. .. ..(.... ..+
.( # .###.#[##..# #. #.#.# #


You could see a quokka (ally target), a friendly quokka (summoned) and a
friendly rat (summoned).

Vanquished Creatures (collateral kills)
  A dart slug (D:1)
  2 bats (D:1)
  2 endoplasms
  3 giant cockroaches
  4 goblins (D:1)
  A kobold (D:1)
  2 quokkas
  2 ball pythons (D:1)
  2 frilled lizards
  A rat (D:2)
20 creatures vanquished.

Notes
Turn   | Place    | Note
-------+----------+-------------------------------------------
     0 | D:1      | Infinimo the Deep Elf Summoner began the quest for the Orb.
     0 | D:1      | Reached XP level 1. HP: 10/10 MP: 6/6
   570 | D:1      | Reached XP level 2. HP: 15/15 MP: 5/8
  1169 | D:1      | Found a faded altar of an unknown god.
  1705 | D:2      | Slain by a quokka

Illustrated notes

Levels and vault maps discovered:
D:1:      giann_bridges, layout_loops_ring, dilly_ecumenical_altar_fadedgnrine
D:2:      cheibrodos_old_hovel, layout_basic, wad_floor_pattern_1,
          minmay_pentomino_u2

Skill      XL: |  1  2 |
---------------+-------+-----
Stealth        | 3 |  3.0
Dodging        | |  2.8
Spellcasting   | |  3.5
Summonings     | |  4.7

Action                   || total
-------------------------++-------
Melee: Unarmed           ||     1
 Cast: Summon Small Mamm ||    78
Armor: Robe              ||     7
Dodge: Dodged            ||    30

Table legend: (Time is in decaauts)
 A = Elapsed time spent in this place.
 B = Non-inter-level travel time spent in this place.
 C = Inter-level travel time spent in this place.
 D = Time resting spent in this place.
 E = Time spent auto-exploring this place.
 F = Levels seen in this place.
 G = Mean time per level.
                   A        B        C        D        E       F      G
               +--------+--------+--------+--------+--------+-----+--------+
         Total |   1707 |   1687 |     20 |      0 |   1452 |   2 |  853.5 |
       Dungeon |   1707 |   1687 |     20 |      0 |   1452 |   2 |  853.5 |
               +--------+--------+--------+--------+--------+-----+--------+

Top non-repeatable levels by time:
     D:1: 1325 daAuts
     D:2: 381 daAuts
